DETROIT vs CHICAGO

Created - April 18, 2021 at 11:01

Goals
1 2 3 T
DETROIT 4 1 1 6
CHICAGO 0 3 0 3
Shots
1 2 3 T
DETROIT 12 7 10 29
CHICAGO 9 15 6 30

1st period

1. DETROIT , Justin Abdelkader 6 (Patrik Nemeth 10, Alexander Wennberg 5) at 10:02
2. DETROIT , Alexander Wennberg 4 (Patrik Nemeth 11, Justin Abdelkader 6) at 11:08
3. DETROIT , Tyler Myers 11 (Aaron Ekblad 23, John Gibson) at 11:28 (PP)
4. DETROIT , Oscar Klefbom 4 (Taylor Hall 27, Calle Jarnkrok 13) at 15:35

Penalties :
Erik Haula (CHI) for Tripping (Minor) at 11:15

2nd period

5. CHICAGO , Mikkel Boedker 8 (Milan Lucic 11) at 2:55
6. CHICAGO , Gustav Nyquist 13 (Cody Eakin 16) at 5:04 (PP)
7. DETROIT , Max Domi 13 (Zemgus Girgensons 11, Aaron Ekblad 24) at 11:07
8. CHICAGO , Erik Haula 16 (Brendan Perlini 3, Brandon Sutter 15) at 16:49

Penalties :
Tyler Myers (DET) for Slashing (Minor) at 3:25

3rd period

9. DETROIT , Max Domi 14 (Oscar Klefbom 22, Ian Cole 14) at 18:18 (PP)

Penalties :
Valeri Nichushkin (DET) for Holding (Minor) at 6:04, Milan Lucic (CHI) for Fighting (Major) at 10:36, Max Domi (DET) for Fighting (Major) at 10:36, Milan Lucic (CHI) for instigated a fight (Game Misconduct) at 10:36, Travis Dermott (CHI) for Hooking (Minor) at 17:28

Goalie Stats

John Gibson (DET), 27 saves from 30 shots - (0.900), W, 27-24-3, 60:00 minutes
James Reimer (CHI), 23 saves from 29 shots - (0.793), L, 13-24-4, 60:00 minutes

Players Stats for DETROIT

Player Name              G  A  P  +/- PIM S  H  SB GA TA FO     MP     PP MP  PK MP  
------------------------------------------------------------------------------------
Aaron Ekblad             0  2  2  -1  0   1  0  0  0  0  0/0    21:39   1:34   1:58 
Alexander Wennberg       1  1  2   1  0   1  0  0  0  0  6/19   17:34   0:40   0:00 
Andrej Sekera            0  0  0   2  0   0  2  1  0  0  0/0    14:55   0:42   0:59 
Brendan Smith            0  0  0   0  0   0  0  0  0  0  0/0     6:15   0:00   0:00 
Calle Jarnkrok           0  1  1   1  0   3  0  1  0  0  0/0    18:46   1:15   1:29 
Chandler Stephenson      0  0  0   0  0   1  1  0  0  0  3/6     7:22   0:42   0:26 
Christian Dvorak         0  0  0   1  0   3  0  0  0  0  11/20  17:51   1:15   0:46 
Colton Sceviour          0  0  0   1  0   2  2  0  0  0  1/2    16:35   1:20   0:00 
Ian Cole                 0  1  1   1  0   1  1  3  0  0  0/0    18:09   0:46   1:39 
Justin Abdelkader        1  1  2   1  0   1  4  0  0  0  0/2    15:54   0:42   0:26 
Max Domi                 2  0  2   0  5   3  1  0  0  0  1/2    16:17   0:25   1:57 
Oscar Klefbom            1  1  2   1  0   2  3  0  0  0  0/0    18:09   0:46   1:39 
Patrik Nemeth            0  2  2   2  0   0  3  0  0  0  0/0    13:56   0:42   0:00 
Robert Bortuzzo          0  0  0   0  0   0  0  1  0  0  0/0     6:27   0:00   0:12 
Scott Laughton           0  0  0   0  0   2  1  0  0  0  10/19  17:01   1:05   0:00 
Taylor Hall              0  1  1   1  0   4  2  0  0  0  2/3    25:12   0:37   2:12 
Tyler Myers              1  0  1  -1  2   3  1  0  0  0  0/0    20:29   1:34   0:49 
Valeri Nichushkin        0  0  0   0  2   1  0  0  0  0  1/3     6:47   0:00   0:00 
Zemgus Girgensons        0  1  1   0  0   1  2  0  0  0  1/3    17:01   1:05   0:00 

Players Stats for CHICAGO

Player Name              G  A  P  +/- PIM S  H  SB GA TA FO     MP     PP MP  PK MP  
------------------------------------------------------------------------------------
Brandon Sutter           0  1  1   0  0   4  1  0  0  0  11/20  15:39   0:40   0:00 
Brendan Perlini          0  1  1   0  0   1  1  0  0  0  0/1    15:56   0:11   0:46 
Brett Murray             0  0  0   0  0   0  0  0  0  0  0/1     4:56   0:00   0:00 
Cody Eakin               0  1  1  -2  0   2  1  1  0  0  1/2    17:29   1:41   0:26 
Connor Bunnaman          0  0  0   0  0   0  1  0  0  0  0/0     3:25   0:40   0:00 
Erik Haula               1  0  1   0  2   6  3  0  0  0  1/2    16:04   0:00   0:57 
Frans Nielsen            0  0  0   0  0   1  0  0  0  0  8/19   19:46   1:17   0:26 
Gustav Nyquist           1  0  1  -2  0   5  1  1  0  0  4/4    23:32   2:10   1:39 
Haydn Fleury             0  0  0   1  0   1  0  0  0  0  0/0    15:59   0:00   0:00 
Mark Pysyk               0  0  0  -2  0   1  3  4  0  0  0/0    20:09   1:57   0:54 
Mason Appleton           0  0  0   0  0   0  0  0  0  0  4/8     4:56   0:00   0:00 
Mikkel Boedker           1  0  1   0  0   1  0  0  0  0  1/1    19:20   1:17   0:00 
Milan Lucic              0  1  1   0  17  0  3  1  0  0  1/2    17:00   1:17   0:00 
Nick Leddy               0  0  0  -1  0   3  0  2  0  0  0/0    23:50   1:41   2:06 
Nikita Nesterov          0  0  0   0  0   0  0  1  0  0  0/0     3:39   0:00   0:02 
Travis Dermott           0  0  0  -2  2   2  2  4  0  0  0/0    20:08   1:57   0:54 
Tyler Bozak              0  0  0  -2  0   1  0  0  0  0  12/19  18:53   1:41   1:50 
Tyler Lewington          0  0  0   1  0   1  3  2  0  0  0/0    16:01   0:00   0:02 
Tyson Barrie             0  0  0  -1  0   1  3  0  0  0  0/0    20:13   1:41   2:06 

3 Stars

1 - Justin Abdelkader (DET)
2 - Oscar Klefbom (DET)
3 - Patrik Nemeth (DET)

Power Play

DETROIT - 2 on 3 Attempt(s) - 66.67%
CHICAGO - 1 on 2 Attempt(s) - 50.00%

Penalty Kill

DETROIT - 1 on 2 Attempt(s) - 50.00% - Score 0 goal in Penalty Kill
CHICAGO - 1 on 3 Attempt(s) - 33.33% - Score 0 goal in Penalty Kill

Team Stat

DETROIT - Hits : 23 - Faceoff Wins : 36 - Blocked Shots : 6 - Penalty Minutes : 9
CHICAGO - Hits : 22 - Faceoff Wins : 43 - Blocked Shots : 16 - Penalty Minutes : 21

Official

Referees : Marc Joannette and Mike Sheehan
Linesman : Jake Davis and Ryan Daisy

Game Notes

Milan Lucic and Max Domi fight to a draw at 10:36 of 3rd period
Milan Lucic ejected from game at 10:36 of 3rd period

Finance

Level 1 -- Attendance: 4201 (70.02%) -- Ticket Income $420,100
Level 2 -- Attendance: 3831 (76.62%) -- Ticket Income $249,015
Level 3 -- Attendance: 800 (40.00%) -- Ticket Income $60,000
Level 4 -- Attendance: 1600 (40.00%) -- Ticket Income $80,000
Luxury Box -- Attendance: 535 (53.50%) -- Ticket Income $133,750
Game was played at the United Center.
Total Attendance: 10967 (60.93%)
Total Ticket Income: $942,865
Total Income: $942,865

DETROIT

5 vs 5 Forward 
   Center                   Left Wing                Right Wing               Time % Phy DF OF 
 1 Christian Dvorak         Taylor Hall              Calle Jarnkrok           35     1   2  2  
 2 Scott Laughton           Max Domi                 Zemgus Girgensons        30     1   2  2  
 3 Alexander Wennberg       Colton Sceviour          Justin Abdelkader        25     1   2  2  
 4 Chandler Stephenson      Taylor Hall              Valeri Nichushkin        10     1   2  2  

5 vs 5 Defense 
   Defense                  Defense                                           Time % Phy DF OF 
 1 Aaron Ekblad             Tyler Myers                                       35     1   2  2  
 2 Oscar Klefbom            Ian Cole                                          30     1   2  2  
 3 Patrik Nemeth            Andrej Sekera                                     25     1   2  2  
 4 Robert Bortuzzo          Brendan Smith                                     10     1   2  2  

PowerPlay Forward 
   Center                   Left Wing                Right Wing               Time % Phy DF OF 
 1 Christian Dvorak         Taylor Hall              Calle Jarnkrok           60     1   2  2  
 2 Scott Laughton           Max Domi                 Zemgus Girgensons        40     1   2  2  

PowerPlay Defense
   Defense                  Defense                                           Time % Phy DF OF 
 1 Aaron Ekblad             Tyler Myers                                       60     1   2  2  
 2 Oscar Klefbom            Ian Cole                                          40     1   2  2  

Penalty Kill 4 Players Forward 
   Center                   Wing                     Time % Phy DF OF 
 1 Taylor Hall              Max Domi                 60     1   2  2  
 2 Christian Dvorak         Calle Jarnkrok           40     1   2  2  

Penalty Kill 4 Players Defense
   Defense                  Defense                  Time % Phy DF OF 
 1 Aaron Ekblad             Tyler Myers              60     1   2  2  
 2 Oscar Klefbom            Ian Cole                 40     1   2  2  

Penalty Kill - 3 Players Forward 
   Forward                                           Time % Phy DF OF 
 1 Taylor Hall                                       60     1   2  2  
 2 Max Domi                                          40     1   2  2  

Penalty Kill - 3 Players Defense
   Defense                  Defense                  Time % Phy DF OF 
 1 Aaron Ekblad             Tyler Myers              60     1   2  2  
 2 Oscar Klefbom            Ian Cole                 40     1   2  2  

4 vs 4 Forward 
   Center                   Wing                     Time % Phy DF OF 
 1 Taylor Hall              Max Domi                 60     1   2  2  
 2 Christian Dvorak         Calle Jarnkrok           40     1   2  2  

4 vs 4 Defense
   Defense                  Defense                  Time % Phy DF OF 
 1 Aaron Ekblad             Tyler Myers              60     1   2  2  
 2 Oscar Klefbom            Ian Cole                 40     1   2  2  

Last Minutes Offensive
   Center                   Left Wing                Right Wing               Defense                  Defense                  
   Christian Dvorak         Taylor Hall              Calle Jarnkrok           Aaron Ekblad             Tyler Myers              

Last Minutes Defensive
   Center                   Left Wing                Right Wing               Defense                  Defense                  
   Christian Dvorak         Taylor Hall              Calle Jarnkrok           Aaron Ekblad             Tyler Myers              

Goaltenders
Starting : John Gibson              
Backup : Pheonix Copley           

Extra Forwards
Normal : Alexander Wennberg, Colton Sceviour, Justin Abdelkader - PP : Alexander Wennberg, Colton Sceviour - PK : Justin Abdelkader
Extra Defensemen
Normal : Patrik Nemeth, Andrej Sekera, Robert Bortuzzo - PP : Patrik Nemeth - PK : Andrej Sekera, Robert Bortuzzo
Penalty Shots
Taylor Hall, Max Domi, Christian Dvorak, Calle Jarnkrok, Scott Laughton

Scratches
Tomas Nosek (Healthy), DET CAPHIT (Suspend), Ryan Nugent-Hopkins (Healthy)

CHICAGO

5 vs 5 Forward 
   Center                   Left Wing                Right Wing               Time % Phy DF OF 
 1 Tyler Bozak              Cody Eakin               Gustav Nyquist           35     1   2  2  
 2 Frans Nielsen            Mikkel Boedker           Milan Lucic              30     1   2  2  
 3 Brandon Sutter           Erik Haula               Brendan Perlini          25     1   2  2  
 4 Mason Appleton           Brett Murray             Gustav Nyquist           10     1   2  2  

5 vs 5 Defense 
   Defense                  Defense                                           Time % Phy DF OF 
 1 Nick Leddy               Tyson Barrie                                      35     1   2  2  
 2 Mark Pysyk               Travis Dermott                                    30     1   2  2  
 3 Haydn Fleury             Tyler Lewington                                   25     1   2  2  
 4 Nikita Nesterov          Nick Leddy                                        10     1   2  2  

PowerPlay Forward 
   Center                   Left Wing                Right Wing               Time % Phy DF OF 
 1 Tyler Bozak              Cody Eakin               Gustav Nyquist           60     1   2  2  
 2 Frans Nielsen            Mikkel Boedker           Milan Lucic              40     1   2  2  

PowerPlay Defense
   Defense                  Defense                                           Time % Phy DF OF 
 1 Nick Leddy               Tyson Barrie                                      60     1   2  2  
 2 Mark Pysyk               Travis Dermott                                    40     1   2  2  

Penalty Kill 4 Players Forward 
   Center                   Wing                     Time % Phy DF OF 
 1 Gustav Nyquist           Tyler Bozak              60     1   2  2  
 2 Cody Eakin               Frans Nielsen            40     1   2  2  

Penalty Kill 4 Players Defense
   Defense                  Defense                  Time % Phy DF OF 
 1 Nick Leddy               Tyson Barrie             60     1   2  2  
 2 Mark Pysyk               Travis Dermott           40     1   2  2  

Penalty Kill - 3 Players Forward 
   Forward                                           Time % Phy DF OF 
 1 Gustav Nyquist                                    60     1   2  2  
 2 Tyler Bozak                                       40     1   2  2  

Penalty Kill - 3 Players Defense
   Defense                  Defense                  Time % Phy DF OF 
 1 Nick Leddy               Tyson Barrie             60     1   2  2  
 2 Mark Pysyk               Travis Dermott           40     1   2  2  

4 vs 4 Forward 
   Center                   Wing                     Time % Phy DF OF 
 1 Gustav Nyquist           Tyler Bozak              60     1   2  2  
 2 Cody Eakin               Frans Nielsen            40     1   2  2  

4 vs 4 Defense
   Defense                  Defense                  Time % Phy DF OF 
 1 Nick Leddy               Tyson Barrie             60     1   2  2  
 2 Mark Pysyk               Travis Dermott           40     1   2  2  

Last Minutes Offensive
   Center                   Left Wing                Right Wing               Defense                  Defense                  
   Tyler Bozak              Cody Eakin               Gustav Nyquist           Nick Leddy               Tyson Barrie             

Last Minutes Defensive
   Center                   Left Wing                Right Wing               Defense                  Defense                  
   Tyler Bozak              Cody Eakin               Gustav Nyquist           Nick Leddy               Tyson Barrie             

Goaltenders
Starting : James Reimer             
Backup : Mike Smith               

Extra Forwards
Normal : Connor Bunnaman, Brandon Sutter, Erik Haula - PP : Connor Bunnaman, Brandon Sutter - PK : Erik Haula
Extra Defensemen
Normal : Haydn Fleury, Tyler Lewington, Nikita Nesterov - PP : Haydn Fleury - PK : Tyler Lewington, Nikita Nesterov
Penalty Shots
Gustav Nyquist, Tyler Bozak, Cody Eakin, Frans Nielsen, Milan Lucic

Scratches
CHI Cap Hit (Suspend), Michael Del Zotto (Healthy), Sven Baertschi (Bruised Left Arm Injury), Cory Schneider (Healthy)

% Time on Ice - DETROIT

Lines # - Real PCT - Wanted PCT - Time Play
Normal Forward
1 - 30% - 35% - 15:50
2 - 30% - 30% - 15:56
3 - 28% - 25% - 14:46
4 - 13% - 10% - 6:48
Normal Defense
1 - 34% - 35% - 18:07
2 - 30% - 30% - 15:44
3 - 25% - 25% - 13:14
4 - 12% - 10% - 6:15
PP Forward
1 - 41% - 60% - 1:15
2 - 59% - 40% - 1:47
PP Defense
1 - 75% - 60% - 2:16
2 - 25% - 40% - 0:46
PK Forward
1 - 79% - 60% - 2:52
2 - 21% - 40% - 0:46
PK Defense
1 - 55% - 60% - 1:59
2 - 45% - 40% - 1:39
PK3 Forward
1 - 0% - 60%
2 - 0% - 40%
PK3 Defense
1 - 0% - 60%
2 - 0% - 40%
44 Forward
1 - 0% - 60%
2 - 0% - 40%
44 Defense
1 - 0% - 60%
2 - 0% - 40%
Last Minute Offensive  - 0:00
Last Minute Defensive  - 0:00
Total
Forward - 60:00
Defense - 60:00

% Time on Ice - CHICAGO

Lines # - Real PCT - Wanted PCT - Time Play
Normal Forward
1 - 29% - 35% - 15:22
2 - 34% - 30% - 18:03
3 - 28% - 25% - 14:59
4 - 9% - 10% - 4:56
Normal Defense
1 - 31% - 35% - 16:26
2 - 32% - 30% - 17:18
3 - 30% - 25% - 15:59
4 - 7% - 10% - 3:37
PP Forward
1 - 65% - 60% - 2:21
2 - 35% - 40% - 1:17
PP Defense
1 - 46% - 60% - 1:41
2 - 54% - 40% - 1:57
PK Forward
1 - 86% - 60% - 2:36
2 - 14% - 40% - 0:26
PK Defense
1 - 70% - 60% - 2:08
2 - 30% - 40% - 0:54
PK3 Forward
1 - 0% - 60%
2 - 0% - 40%
PK3 Defense
1 - 0% - 60%
2 - 0% - 40%
44 Forward
1 - 0% - 60%
2 - 0% - 40%
44 Defense
1 - 0% - 60%
2 - 0% - 40%
Last Minute Offensive  - 0:00
Last Minute Defensive  - 0:00
Total
Forward - 60:00
Defense - 60:00

Play-by-Play

1st period


0:01 of 1st period - Christian Dvorak wins face-off versus Tyler Bozak in neutral zone.
0:17 of 1st period - Icing by Nick Leddy.
0:18 of 1st period - Tyler Bozak wins face-off versus Zemgus Girgensons in CHICAGO zone.
0:32 of 1st period - Icing by Oscar Klefbom.
0:33 of 1st period - Scott Laughton wins face-off versus Frans Nielsen in DETROIT zone.
0:46 of 1st period - Shot by Scott Laughton.
0:46 of 1st period - Shot Blocked by Mark Pysyk.
1:23 of 1st period - Colton Sceviour is hit by Mark Pysyk.
1:33 of 1st period - Shot by Andrej Sekera.
1:33 of 1st period - Shot Hit the Post.
1:50 of 1st period - Patrik Nemeth is hit by Mark Pysyk.
2:15 of 1st period - Shot by Brandon Sutter.
2:15 of 1st period - Shot Blocked by Calle Jarnkrok.
3:18 of 1st period - Icing by Gustav Nyquist.
3:19 of 1st period - Tyler Bozak wins face-off versus Justin Abdelkader in CHICAGO zone.
3:26 of 1st period - Tyson Barrie is hit by Justin Abdelkader and loses puck.
3:35 of 1st period - Shot by Nick Leddy.
3:35 of 1st period - Shot Misses the Net.
4:06 of 1st period - Brandon Sutter is hit by Taylor Hall.
4:08 of 1st period - Shot by Erik Haula.
4:08 of 1st period - Shot Misses the Net.
4:26 of 1st period - Shot by Taylor Hall.
4:26 of 1st period - Stopped by James Reimer with a rebound.
4:33 of 1st period - Haydn Fleury is hit by Tyler Myers.
5:19 of 1st period - Shot by Max Domi.
5:19 of 1st period - Shot Misses the Net.
5:21 of 1st period - Shot by Oscar Klefbom.
5:21 of 1st period - Stopped by James Reimer without a rebound.
5:22 of 1st period - Frans Nielsen wins face-off versus Christian Dvorak in CHICAGO zone.
5:40 of 1st period - Shot by Taylor Hall.
5:40 of 1st period - Stopped by James Reimer without a rebound.
5:41 of 1st period - Tyler Bozak wins face-off versus Colton Sceviour in CHICAGO zone.
5:41 of 1st period - Tyler Bozak is hit by Colton Sceviour.
5:59 of 1st period - Shot by Cody Eakin.
5:59 of 1st period - Stopped by John Gibson without a rebound.
6:00 of 1st period - Mikkel Boedker wins face-off versus Christian Dvorak in DETROIT zone.
7:18 of 1st period - Shot by Erik Haula.
7:18 of 1st period - Shot Misses the Net.
7:20 of 1st period - Shot by Erik Haula.
7:20 of 1st period - Shot Misses the Net.
7:51 of 1st period - Cody Eakin is hit by Oscar Klefbom and loses puck.
8:33 of 1st period - Shot by Milan Lucic.
8:33 of 1st period - Shot Blocked by Ian Cole.
8:52 of 1st period - Icing by Ian Cole.
8:53 of 1st period - Christian Dvorak wins face-off versus Brandon Sutter in DETROIT zone.
9:07 of 1st period - Shot by Brandon Sutter.
9:07 of 1st period - Shot Blocked by Ian Cole.
9:09 of 1st period - Shot by Brendan Perlini.
9:09 of 1st period - Shot Misses the Net.
9:17 of 1st period - Shot by Brendan Perlini.
9:17 of 1st period - Deflect By Brandon Sutter.
9:17 of 1st period - Stopped by John Gibson with a rebound.
9:41 of 1st period - Shot by Scott Laughton.
9:41 of 1st period - Stopped by James Reimer without a rebound.
9:42 of 1st period - Tyler Bozak wins face-off versus Alexander Wennberg in CHICAGO zone.
10:00 of 1st period - Shot by Alexander Wennberg.
10:00 of 1st period - Shot Blocked by Mark Pysyk.
10:02 of 1st period - Shot by Patrik Nemeth.
10:02 of 1st period - Deflect By Justin Abdelkader.
10:02 of 1st period - Goal by Justin Abdelkader - DETROIT : 1 - CHICAGO : 0.
10:03 of 1st period - Scott Laughton wins face-off versus Frans Nielsen in neutral zone.
10:16 of 1st period - Tyson Barrie is hit by Scott Laughton and loses puck.
10:41 of 1st period - Shot by Tyson Barrie.
10:41 of 1st period - Stopped by John Gibson without a rebound.
10:42 of 1st period - Cody Eakin wins face-off versus Alexander Wennberg in DETROIT zone.
11:02 of 1st period - Shot by Alexander Wennberg.
11:02 of 1st period - Shot Misses the Net.
11:04 of 1st period - Shot by Justin Abdelkader.
11:04 of 1st period - Shot Misses the Net.
11:06 of 1st period - Shot by Patrik Nemeth.
11:06 of 1st period - Shot Blocked by Cody Eakin.
11:08 of 1st period - Shot by Alexander Wennberg.
11:08 of 1st period - Goal by Alexander Wennberg - DETROIT : 2 - CHICAGO : 0.
11:09 of 1st period - Brandon Sutter wins face-off versus Scott Laughton in neutral zone.
11:14 of 1st period - Shot by Brendan Perlini.
11:14 of 1st period - Stopped by John Gibson with a rebound.
11:15 of 1st period - Minor Penalty to Erik Haula for Tripping.
11:16 of 1st period - Gustav Nyquist wins face-off versus Scott Laughton in CHICAGO zone.
11:16 of 1st period - Gustav Nyquist is hit by Max Domi.
11:28 of 1st period - Shot by Tyler Myers.
11:28 of 1st period - Goal by Tyler Myers - DETROIT : 3 - CHICAGO : 0.
11:29 of 1st period - Brandon Sutter wins face-off versus Alexander Wennberg in neutral zone.
12:08 of 1st period - Brandon Sutter is hit by Justin Abdelkader and loses puck.
12:33 of 1st period - Shot by Nick Leddy.
12:33 of 1st period - Stopped by John Gibson without a rebound.
12:34 of 1st period - Scott Laughton wins face-off versus Frans Nielsen in DETROIT zone.
12:38 of 1st period - Robert Bortuzzo is hit by Tyson Barrie and loses puck.
12:50 of 1st period - Zemgus Girgensons is hit by Tyson Barrie and loses puck.
13:47 of 1st period - Shot by Tyler Bozak.
13:47 of 1st period - Stopped by John Gibson without a rebound.
13:48 of 1st period - Brandon Sutter wins face-off versus Chandler Stephenson in DETROIT zone.
13:57 of 1st period - Shot by Brendan Perlini.
13:57 of 1st period - Shot Misses the Net.
14:05 of 1st period - Shot by Brandon Sutter.
14:05 of 1st period - Stopped by John Gibson with a rebound.
14:15 of 1st period - Shot by Valeri Nichushkin.
14:15 of 1st period - Stopped by James Reimer without a rebound.
14:16 of 1st period - Mason Appleton wins face-off versus Alexander Wennberg in CHICAGO zone.
14:49 of 1st period - Shot by Justin Abdelkader.
14:49 of 1st period - Shot Misses the Net.
14:51 of 1st period - Shot by Aaron Ekblad.
14:51 of 1st period - Shot Misses the Net.
14:53 of 1st period - Shot by Colton Sceviour.
14:53 of 1st period - Shot Misses the Net.
14:55 of 1st period - Shot by Alexander Wennberg.
14:55 of 1st period - Shot Blocked by Nick Leddy.
15:17 of 1st period - Icing by Taylor Hall.
15:18 of 1st period - Christian Dvorak wins face-off versus Brandon Sutter in DETROIT zone.
15:29 of 1st period - Shot by Oscar Klefbom.
15:29 of 1st period - Shot Misses the Net.
15:33 of 1st period - Shot by Taylor Hall.
15:33 of 1st period - Shot Blocked by Mark Pysyk.
15:35 of 1st period - Shot by Oscar Klefbom.
15:35 of 1st period - Goal by Oscar Klefbom - DETROIT : 4 - CHICAGO : 0.
15:36 of 1st period - Frans Nielsen wins face-off versus Scott Laughton in neutral zone.
15:46 of 1st period - Icing by Patrik Nemeth.
15:47 of 1st period - Scott Laughton wins face-off versus Brandon Sutter in DETROIT zone.
16:07 of 1st period - Mark Pysyk is hit by Zemgus Girgensons and loses puck.
16:12 of 1st period - Shot by Zemgus Girgensons.
16:12 of 1st period - Stopped by James Reimer without a rebound.
16:13 of 1st period - Alexander Wennberg wins face-off versus Tyler Bozak in CHICAGO zone.
16:21 of 1st period - Icing by Tyler Bozak.
16:22 of 1st period - Tyler Bozak wins face-off versus Valeri Nichushkin in CHICAGO zone.
16:30 of 1st period - Tyler Myers is hit by Gustav Nyquist.
16:42 of 1st period - Shot by Nick Leddy.
16:42 of 1st period - Stopped by John Gibson without a rebound.
16:43 of 1st period - Frans Nielsen wins face-off versus Zemgus Girgensons in DETROIT zone.
16:43 of 1st period - Mikkel Boedker is hit by Andrej Sekera and loses puck.
16:53 of 1st period - Icing by Scott Laughton.
16:54 of 1st period - Gustav Nyquist wins face-off versus Max Domi in DETROIT zone.
17:37 of 1st period - Icing by Andrej Sekera.
17:38 of 1st period - Frans Nielsen wins face-off versus Scott Laughton in DETROIT zone.
18:15 of 1st period - Shot by Calle Jarnkrok.
18:15 of 1st period - Shot Misses the Net.
18:17 of 1st period - Shot by Taylor Hall.
18:17 of 1st period - Stopped by James Reimer without a rebound.
18:18 of 1st period - Brandon Sutter wins face-off versus Alexander Wennberg in CHICAGO zone.
18:18 of 1st period - Brandon Sutter is hit by Colton Sceviour.
18:46 of 1st period - Icing by Oscar Klefbom.
18:47 of 1st period - Tyler Bozak wins face-off versus Alexander Wennberg in DETROIT zone.
19:00 of 1st period - Shot by Gustav Nyquist.
19:00 of 1st period - Stopped by John Gibson without a rebound.
19:01 of 1st period - Christian Dvorak wins face-off versus Frans Nielsen in DETROIT zone.
19:19 of 1st period - Calle Jarnkrok is hit by Tyler Lewington and loses puck.
19:41 of 1st period - Shot by Calle Jarnkrok.
19:41 of 1st period - Stopped by James Reimer with a rebound.
Goals for this period are 4 for DETROIT vs 0 for CHICAGO.
Shots for this period are 12 for DETROIT vs 9 for CHICAGO.

2nd period


0:01 of 2nd period - Tyler Bozak wins face-off versus Chandler Stephenson in neutral zone.
0:04 of 2nd period - Shot by Gustav Nyquist.
0:04 of 2nd period - Shot Misses the Net.
0:06 of 2nd period - Shot by Gustav Nyquist.
0:06 of 2nd period - Shot Misses the Net.
0:12 of 2nd period - Shot by Cody Eakin.
0:12 of 2nd period - Shot Misses the Net.
1:44 of 2nd period - Shot by Mikkel Boedker.
1:44 of 2nd period - Shot Misses the Net.
1:46 of 2nd period - Shot by Travis Dermott.
1:46 of 2nd period - Shot Misses the Net.
1:48 of 2nd period - Shot by Mark Pysyk.
1:48 of 2nd period - Stopped by John Gibson without a rebound.
1:49 of 2nd period - Christian Dvorak wins face-off versus Brandon Sutter in DETROIT zone.
1:55 of 2nd period - Icing by Brendan Smith.
1:56 of 2nd period - Christian Dvorak wins face-off versus Brandon Sutter in DETROIT zone.
1:56 of 2nd period - Christian Dvorak is hit by Erik Haula.
2:08 of 2nd period - Tyler Lewington is hit by Taylor Hall and loses puck.
2:17 of 2nd period - Shot by Calle Jarnkrok.
2:17 of 2nd period - Stopped by James Reimer with a rebound.
2:55 of 2nd period - Shot by Mikkel Boedker.
2:55 of 2nd period - Goal by Mikkel Boedker - DETROIT : 4 - CHICAGO : 1.
2:56 of 2nd period - Frans Nielsen wins face-off versus Alexander Wennberg in neutral zone.
2:56 of 2nd period - Frans Nielsen is hit by Justin Abdelkader.
3:20 of 2nd period - Shot by Travis Dermott.
3:20 of 2nd period - Stopped by John Gibson without a rebound.
3:21 of 2nd period - Tyler Bozak wins face-off versus Scott Laughton in DETROIT zone.
3:25 of 2nd period - Minor Penalty to Tyler Myers for Slashing.
3:26 of 2nd period - Tyler Bozak wins face-off versus Taylor Hall in DETROIT zone.
3:38 of 2nd period - Shot by Cody Eakin.
3:38 of 2nd period - Stopped by John Gibson without a rebound.
3:39 of 2nd period - Taylor Hall wins face-off versus Frans Nielsen in DETROIT zone.
4:35 of 2nd period - Shot by Travis Dermott.
4:35 of 2nd period - Stopped by John Gibson without a rebound.
4:36 of 2nd period - Taylor Hall wins face-off versus Tyler Bozak in DETROIT zone.
5:00 of 2nd period - Shot by Cody Eakin.
5:00 of 2nd period - Shot Hit the Post.
5:02 of 2nd period - Shot by Gustav Nyquist.
5:02 of 2nd period - Shot Blocked by Robert Bortuzzo.
5:04 of 2nd period - Shot by Gustav Nyquist.
5:04 of 2nd period - Goal by Gustav Nyquist - DETROIT : 4 - CHICAGO : 2.
5:05 of 2nd period - Brandon Sutter wins face-off versus Alexander Wennberg in neutral zone.
5:05 of 2nd period - Brandon Sutter is hit by Justin Abdelkader.
5:42 of 2nd period - Icing by Haydn Fleury.
5:43 of 2nd period - Christian Dvorak wins face-off versus Brandon Sutter in CHICAGO zone.
5:44 of 2nd period - Shot by Taylor Hall.
5:44 of 2nd period - Stopped by James Reimer without a rebound.
5:45 of 2nd period - Christian Dvorak wins face-off versus Tyler Bozak in CHICAGO zone.
6:35 of 2nd period - Shot by Scott Laughton.
6:35 of 2nd period - Stopped by James Reimer without a rebound.
6:36 of 2nd period - Scott Laughton wins face-off versus Frans Nielsen in CHICAGO zone.
6:36 of 2nd period - Zemgus Girgensons is hit by Mark Pysyk and loses puck.
6:43 of 2nd period - Shot by Scott Laughton.
6:43 of 2nd period - Shot Blocked by Milan Lucic.
6:45 of 2nd period - Shot by Zemgus Girgensons.
6:45 of 2nd period - Deflect By Max Domi.
6:45 of 2nd period - Shot Blocked by Travis Dermott.
6:57 of 2nd period - Shot by Frans Nielsen.
6:57 of 2nd period - Stopped by John Gibson without a rebound.
6:58 of 2nd period - Alexander Wennberg wins face-off versus Erik Haula in DETROIT zone.
7:25 of 2nd period - Ian Cole is hit by Brendan Perlini and loses puck.
7:32 of 2nd period - Shot by Brandon Sutter.
7:32 of 2nd period - Deflect By Erik Haula.
7:32 of 2nd period - Stopped by John Gibson without a rebound.
7:33 of 2nd period - Frans Nielsen wins face-off versus Christian Dvorak in DETROIT zone.
8:32 of 2nd period - Gustav Nyquist is hit by Andrej Sekera and loses puck.
8:42 of 2nd period - Gustav Nyquist is hit by Patrik Nemeth and loses puck.
10:32 of 2nd period - Shot by Frans Nielsen.
10:32 of 2nd period - Shot Misses the Net.
10:52 of 2nd period - Mikkel Boedker is hit by Chandler Stephenson.
10:53 of 2nd period - Icing by Mikkel Boedker.
10:54 of 2nd period - Zemgus Girgensons wins face-off versus Milan Lucic in CHICAGO zone.
11:05 of 2nd period - Shot by Zemgus Girgensons.
11:05 of 2nd period - Shot Misses the Net.
11:07 of 2nd period - Shot by Max Domi.
11:07 of 2nd period - Goal by Max Domi - DETROIT : 5 - CHICAGO : 2.
11:08 of 2nd period - Brandon Sutter wins face-off versus Alexander Wennberg in neutral zone.
11:51 of 2nd period - Icing by Colton Sceviour.
11:52 of 2nd period - Tyler Bozak wins face-off versus Alexander Wennberg in DETROIT zone.
12:13 of 2nd period - Shot by Gustav Nyquist.
12:13 of 2nd period - Stopped by John Gibson without a rebound.
12:14 of 2nd period - Frans Nielsen wins face-off versus Scott Laughton in DETROIT zone.
12:22 of 2nd period - Off-side.
12:23 of 2nd period - Mason Appleton wins face-off versus Christian Dvorak in neutral zone.
14:07 of 2nd period - Shot by Haydn Fleury.
14:07 of 2nd period - Shot Blocked by Ian Cole.
14:09 of 2nd period - Shot by Tyler Lewington.
14:09 of 2nd period - Stopped by John Gibson without a rebound.
14:10 of 2nd period - Brandon Sutter wins face-off versus Alexander Wennberg in DETROIT zone.
14:17 of 2nd period - Shot by Brandon Sutter.
14:17 of 2nd period - Shot Misses the Net.
14:20 of 2nd period - Icing by Andrej Sekera.
14:21 of 2nd period - Tyler Bozak wins face-off versus Alexander Wennberg in DETROIT zone.
14:21 of 2nd period - Gustav Nyquist is hit by Patrik Nemeth and loses puck.
14:44 of 2nd period - Shot by Gustav Nyquist.
14:44 of 2nd period - Stopped by John Gibson without a rebound.
14:45 of 2nd period - Brandon Sutter wins face-off versus Scott Laughton in DETROIT zone.
14:46 of 2nd period - Shot by Erik Haula.
14:46 of 2nd period - Stopped by John Gibson without a rebound.
14:47 of 2nd period - Scott Laughton wins face-off versus Frans Nielsen in DETROIT zone.
14:57 of 2nd period - Shot by Aaron Ekblad.
14:57 of 2nd period - Shot Blocked by Travis Dermott.
15:34 of 2nd period - Icing by Frans Nielsen.
15:35 of 2nd period - Milan Lucic wins face-off versus Christian Dvorak in CHICAGO zone.
16:41 of 2nd period - Shot by Brandon Sutter.
16:41 of 2nd period - Stopped by John Gibson without a rebound.
16:42 of 2nd period - Brandon Sutter wins face-off versus Justin Abdelkader in DETROIT zone.
16:45 of 2nd period - Shot by Brendan Perlini.
16:45 of 2nd period - Shot Misses the Net.
16:49 of 2nd period - Shot by Erik Haula.
16:49 of 2nd period - Goal by Erik Haula - DETROIT : 5 - CHICAGO : 3.
16:50 of 2nd period - Scott Laughton wins face-off versus Mason Appleton in neutral zone.
16:53 of 2nd period - Mason Appleton is hit by Zemgus Girgensons and loses puck.
17:16 of 2nd period - Shot by Aaron Ekblad.
17:16 of 2nd period - Stopped by James Reimer with a rebound.
17:18 of 2nd period - Shot by Aaron Ekblad.
17:18 of 2nd period - Shot Blocked by Mark Pysyk.
17:20 of 2nd period - Shot by Aaron Ekblad.
17:20 of 2nd period - Shot Misses the Net.
18:42 of 2nd period - Shot by Erik Haula.
18:42 of 2nd period - Shot Blocked by Andrej Sekera.
18:44 of 2nd period - Shot by Brandon Sutter.
18:44 of 2nd period - Stopped by John Gibson without a rebound.
18:45 of 2nd period - Tyler Bozak wins face-off versus Christian Dvorak in DETROIT zone.
18:45 of 2nd period - Tyler Bozak is hit by Oscar Klefbom.
18:50 of 2nd period - Gustav Nyquist is hit by Ian Cole and loses puck.
18:59 of 2nd period - Shot by Taylor Hall.
18:59 of 2nd period - Deflect By Calle Jarnkrok.
18:59 of 2nd period - Shot Misses the Net.
19:05 of 2nd period - Shot by Christian Dvorak.
19:05 of 2nd period - Stopped by James Reimer with a rebound.
19:07 of 2nd period - Shot by Ian Cole.
19:07 of 2nd period - Shot Misses the Net.
19:09 of 2nd period - Shot by Taylor Hall.
19:09 of 2nd period - Shot Blocked by Gustav Nyquist.
19:11 of 2nd period - Shot by Christian Dvorak.
19:11 of 2nd period - Stopped by James Reimer without a rebound.
19:12 of 2nd period - Chandler Stephenson wins face-off versus Brandon Sutter in CHICAGO zone.
19:26 of 2nd period - Taylor Hall is hit by Travis Dermott and loses puck.
19:47 of 2nd period - Valeri Nichushkin is hit by Travis Dermott.
Goals for this period are 1 for DETROIT vs 3 for CHICAGO.
Shots for this period are 7 for DETROIT vs 15 for CHICAGO.

3rd period


0:01 of 3rd period - Christian Dvorak wins face-off versus Tyler Bozak in neutral zone.
0:48 of 3rd period - Icing by Nick Leddy.
0:49 of 3rd period - Scott Laughton wins face-off versus Cody Eakin in CHICAGO zone.
1:03 of 3rd period - Off-side.
1:04 of 3rd period - Alexander Wennberg wins face-off versus Frans Nielsen in neutral zone.
1:16 of 3rd period - Alexander Wennberg is hit by Tyler Lewington and loses puck.
1:34 of 3rd period - Off-side.
1:35 of 3rd period - Scott Laughton wins face-off versus Brandon Sutter in neutral zone.
1:35 of 3rd period - Tyler Myers is hit by Erik Haula and loses puck.
1:54 of 3rd period - Shot by Erik Haula.
1:54 of 3rd period - Shot Misses the Net.
2:00 of 3rd period - Shot by Erik Haula.
2:00 of 3rd period - Stopped by John Gibson without a rebound.
2:01 of 3rd period - Mason Appleton wins face-off versus Christian Dvorak in DETROIT zone.
2:14 of 3rd period - Shot by Taylor Hall.
2:14 of 3rd period - Shot Blocked by Nick Leddy.
2:16 of 3rd period - Shot by Calle Jarnkrok.
2:16 of 3rd period - Shot Blocked by Nikita Nesterov.
2:18 of 3rd period - Shot by Calle Jarnkrok.
2:18 of 3rd period - Stopped by James Reimer without a rebound.
2:19 of 3rd period - Frans Nielsen wins face-off versus Alexander Wennberg in CHICAGO zone.
2:24 of 3rd period - Alexander Wennberg is hit by Milan Lucic and loses puck.
2:30 of 3rd period - Colton Sceviour is hit by Milan Lucic and loses puck.
2:46 of 3rd period - Alexander Wennberg is hit by Tyler Lewington and loses puck.
3:24 of 3rd period - Shot by Gustav Nyquist.
3:24 of 3rd period - Stopped by John Gibson without a rebound.
3:25 of 3rd period - Brandon Sutter wins face-off versus Scott Laughton in DETROIT zone.
3:39 of 3rd period - Icing by Mark Pysyk.
3:40 of 3rd period - Christian Dvorak wins face-off versus Brandon Sutter in CHICAGO zone.
3:41 of 3rd period - Shot by Taylor Hall.
3:41 of 3rd period - Shot Misses the Net.
5:29 of 3rd period - Frans Nielsen is hit by Patrik Nemeth and loses puck.
6:04 of 3rd period - Minor Penalty to Valeri Nichushkin for Holding.
6:05 of 3rd period - Max Domi wins face-off versus Tyler Bozak in DETROIT zone.
6:17 of 3rd period - Taylor Hall is hit by Cody Eakin and loses puck.
6:44 of 3rd period - Shot by Nick Leddy.
6:44 of 3rd period - Stopped by John Gibson with a rebound.
8:30 of 3rd period - Icing by Robert Bortuzzo.
8:31 of 3rd period - Alexander Wennberg wins face-off versus Mason Appleton in DETROIT zone.
8:39 of 3rd period - Shot by Alexander Wennberg.
8:39 of 3rd period - Deflect By Colton Sceviour.
8:39 of 3rd period - Stopped by James Reimer without a rebound.
8:40 of 3rd period - Chandler Stephenson wins face-off versus Mason Appleton in CHICAGO zone.
8:40 of 3rd period - Chandler Stephenson is hit by Tyson Barrie.
8:46 of 3rd period - Shot by Chandler Stephenson.
8:46 of 3rd period - Stopped by James Reimer without a rebound.
8:47 of 3rd period - Scott Laughton wins face-off versus Frans Nielsen in CHICAGO zone.
8:58 of 3rd period - Shot by Scott Laughton.
8:58 of 3rd period - Shot Blocked by Tyler Lewington.
9:00 of 3rd period - Shot by Tyler Myers.
9:00 of 3rd period - Stopped by James Reimer without a rebound.
9:01 of 3rd period - Christian Dvorak wins face-off versus Tyler Bozak in CHICAGO zone.
9:53 of 3rd period - Taylor Hall is hit by Milan Lucic.
10:09 of 3rd period - Shot by Zemgus Girgensons.
10:09 of 3rd period - Shot Misses the Net.
10:15 of 3rd period - Shot by Max Domi.
10:15 of 3rd period - Stopped by James Reimer with a rebound.
10:36 of 3rd period - Milan Lucic and Max Domi fight to a draw.
10:36 of 3rd period - Penalty to Milan Lucic for Fighting.
10:36 of 3rd period - Penalty to Max Domi for Fighting.
10:36 of 3rd period - Penalty to Milan Lucic for instigated a fight.
10:36 of 3rd period - Milan Lucic is ejected from game.
10:37 of 3rd period - Gustav Nyquist wins face-off versus Christian Dvorak in CHICAGO zone.
13:21 of 3rd period - Shot by Ian Cole.
13:21 of 3rd period - Stopped by James Reimer without a rebound.
13:22 of 3rd period - Colton Sceviour wins face-off versus Brendan Perlini in CHICAGO zone.
13:35 of 3rd period - Shot by Erik Haula.
13:35 of 3rd period - Stopped by John Gibson without a rebound.
13:36 of 3rd period - Mason Appleton wins face-off versus Chandler Stephenson in DETROIT zone.
13:53 of 3rd period - Shot by Gustav Nyquist.
13:53 of 3rd period - Shot Misses the Net.
14:10 of 3rd period - Icing by Gustav Nyquist.
14:11 of 3rd period - Alexander Wennberg wins face-off versus Brett Murray in CHICAGO zone.
14:17 of 3rd period - Icing by Brett Murray.
14:18 of 3rd period - Alexander Wennberg wins face-off versus Mason Appleton in CHICAGO zone.
14:29 of 3rd period - Shot by Tyler Myers.
14:29 of 3rd period - Stopped by James Reimer without a rebound.
14:30 of 3rd period - Brandon Sutter wins face-off versus Scott Laughton in CHICAGO zone.
14:37 of 3rd period - Oscar Klefbom is hit by Brandon Sutter and loses puck.
14:55 of 3rd period - Oscar Klefbom is hit by Erik Haula and loses puck.
15:06 of 3rd period - Shot by Erik Haula.
15:06 of 3rd period - Stopped by John Gibson with a rebound.
15:24 of 3rd period - Shot by Haydn Fleury.
15:24 of 3rd period - Stopped by John Gibson with a rebound.
15:37 of 3rd period - Frans Nielsen is hit by Oscar Klefbom and loses puck.
15:49 of 3rd period - Shot by Frans Nielsen.
15:49 of 3rd period - Shot Misses the Net.
16:33 of 3rd period - Shot by Christian Dvorak.
16:33 of 3rd period - Stopped by James Reimer without a rebound.
16:34 of 3rd period - Erik Haula wins face-off versus Valeri Nichushkin in CHICAGO zone.
16:47 of 3rd period - Shot by Valeri Nichushkin.
16:47 of 3rd period - Shot Blocked by Travis Dermott.
16:55 of 3rd period - Shot by Taylor Hall.
16:55 of 3rd period - Shot Blocked by Travis Dermott.
17:25 of 3rd period - Shot by Calle Jarnkrok.
17:25 of 3rd period - Shot Misses the Net.
17:27 of 3rd period - Shot by Colton Sceviour.
17:27 of 3rd period - Stopped by James Reimer with a rebound.
17:28 of 3rd period - Minor Penalty to Travis Dermott for Hooking.
17:29 of 3rd period - Gustav Nyquist wins face-off versus Christian Dvorak in CHICAGO zone.
18:18 of 3rd period - Shot by Max Domi.
18:18 of 3rd period - Goal by Max Domi - DETROIT : 6 - CHICAGO : 3.
18:19 of 3rd period - Chandler Stephenson wins face-off versus Frans Nielsen in neutral zone.
18:21 of 3rd period - Off-side.
18:22 of 3rd period - Valeri Nichushkin wins face-off versus Frans Nielsen in neutral zone.
18:35 of 3rd period - Andrej Sekera is hit by Connor Bunnaman and loses puck.
18:54 of 3rd period - Shot by Valeri Nichushkin.
18:54 of 3rd period - Shot Misses the Net.
18:56 of 3rd period - Shot by Patrik Nemeth.
18:56 of 3rd period - Shot Blocked by Tyler Lewington.
18:58 of 3rd period - Shot by Chandler Stephenson.
18:58 of 3rd period - Shot Misses the Net.
Goals for this period are 1 for DETROIT vs 0 for CHICAGO.
Shots for this period are 10 for DETROIT vs 6 for CHICAGO.